Map: New Repugnancy LE

Players

HateMe - Winner!

  • Race: Zerg Zerg
  • Spawn Location: 1:00

BluE

  • Race: Protoss Protoss
  • Spawn Location: 7:00

Event: 2019 WCS Summer

VOD

Have the link to the VOD?

Description

Time

  • Played on: July 12, 2019, 6:46 a.m.
  • Length: 11:08

All games in this series

Show
View Real Time Build Order
Export as new Build Order

HateMe Zerg - Winner!

Build Orders: Hatch First 

Get SALT Encoding   

  12  0:00  Drone  
  13  0:13  Overlord  
  13  0:17  Drone  
  14  0:31  Drone x2  
  16  0:48  Hatchery  
  15  0:52  Drone  
  15  0:55  Drone  
  17  0:58  Drone  
  18  1:09  Extractor  
  17  1:14  Spawning Pool  
  17  1:17  Drone  
  17  1:21  Drone  
  18  1:30  Drone  
  19  1:39  Drone  
  20  1:50  Overlord  
  20  2:01  Queen x2  
  20  2:02  Zergling x4  
  26  2:14  Metabolic Boost  
  26  2:18  Zergling x4  
  28  2:28  Zergling x4  
  30  2:38  Zergling x2  
  30  2:39  Hatchery  
  30  2:43  Zergling x2  
  31  3:00  Drone, Overlord  
  31  3:01  Drone x2  
  33  3:06  Drone x2  
  35  3:14  Drone  
  35  3:15  Overlord  
  36  3:21  Drone x4  
  40  3:28  Drone x2  
  40  3:33  Drone  
  43  3:37  Spore Crawler x2  
  43  3:38  Drone  
  42  3:44  Overlord  
  42  3:49  Drone x4  
  46  3:59  Drone, Spore Crawler  
  46  4:00  Drone x2  
  48  4:05  Queen  
  48  4:08  Queen  
  52  4:13  Drone x2  
  52  4:15  Spore Crawler  
  52  4:16  Drone  
  54  4:21  Drone x4  
  58  4:26  Spore Crawler  
  58  4:30  Lair  
  57  4:33  Drone  
  57  4:38  Drone x4  
  61  4:41  Extractor  
  61  4:43  Extractor  
  59  4:49  Roach Warren  
  59  4:50  Drone x4  
  62  4:53  Overlord  
  62  5:11  Drone  
  62  5:12  Drone x8  
  70  5:18  Overlord x2  
  70  5:29  Overseer  
  70  5:31  Roach x2  
  70  5:32  Overlord x2  
  70  5:33  Glial Reconstitution  
  70  5:34  Overlord  
  74  5:38  Roach x2  
  74  5:41  Roach x2  
  82  5:46  Roach x2  
  82  5:49  Roach  
  87  5:58  Overlord  
  87  6:02  Roach x4  
  94  6:12  Overlord x2  
  94  6:14  Extractor  
  94  6:16  Extractor, Roach x4  
  94  6:17  Roach x2  
  100  6:29  Roach x5  
  109  6:37  Roach x2  
  113  6:42  Roach  
  113  6:43  Zergling x8  
  113  6:47  Roach x2  
  123  6:51  Roach x2  
  127  6:57  Drone x2  
  121  7:13  Drone x7  
  122  7:15  Overlord x2  
  122  7:17  Roach x3  
  122  7:22  Overseer  
  128  7:31  Extractor  
  127  7:46  Roach  
  127  7:47  Roach x8  
  145  7:57  Overlord  
  145  7:58  Overlord  
  145  8:03  Evolution Chamber  
  144  8:06  Overlord x2  
  144  8:12  Hatchery  
  143  8:14  Drone, Overlord  
  143  8:15  Overlord  
  143  8:18  Drone x5  
  143  8:19  Drone x2  
  151  8:20  Drone x2  
  151  8:22  Baneling Nest  
  152  8:29  Zergling x12  
  152  8:32  Zerg Missile Weapons Level 1  
  157  8:41  Roach  
  157  8:42  Roach x7  
  157  8:46  Overlord x2  
  173  8:51  Ravager x4  
  173  8:52  Ravager x9  
  185  9:09  Roach x5  
  186  9:10  Roach x7  
  176  9:31  Baneling  
  176  9:32  Baneling x12  
  176  9:34  Zergling x26  
  189  9:42  Roach x5  
  195  9:56  Roach x8  
  195  9:59  Zergling x4  
  193  10:03  Zergling x2  
  193  10:07  Zergling x14  
  174  10:09  Roach  
  174  10:12  Roach  
  168  10:17  Roach x2  
  172  10:25  Roach x5  
  180  10:34  Baneling x3  
  180  10:35  Baneling x6  
  178  10:36  Baneling x8  
  178  10:41  Drone x4  
Show
View Real Time Build Order
Export as new Build Order

BluE Protoss 

Build Orders: 1 Gate Expand, Oracle Opening, Archon Immortal, Archon Drop 

Get SALT Encoding   

  12  0:00  Probe  
  13  0:13  Probe  
  14  0:19  Pylon  
  14  0:24  Probe  
  15  0:33  Probe  
  15  0:38  Gateway  
  15  0:41  Probe  
  16  0:48  Assimilator  
  17  0:52  Probe  
  18  1:04  Probe  
  19  1:17  Probe  
  20  1:28  Nexus  
  20  1:43  Cybernetics Core  
  20  1:44  Probe  
  21  1:52  Assimilator  
  21  1:56  Probe  
  21  1:59  Pylon  
  22  2:08  Probe  
  23  2:09  Stalker  
  25  2:22  Stargate  
  25  2:24  Probe  
  25  2:29  Warp Gate  
  26  2:38  Probe x2  
  26  2:42  Adept  
  30  2:46  Probe  
  30  2:50  Probe  
  32  2:55  Probe  
  33  3:00  Oracle  
  33  3:02  Probe  
  33  3:07  Gateway  
  33  3:11  Probe  
  37  3:17  Shield Battery  
  37  3:25  Shield Battery  
  39  3:27  Probe  
  39  3:33  Pylon  
  40  3:40  Probe  
  42  3:41  Probe  
  42  3:45  Assimilator  
  42  3:46  Assimilator  
  43  3:49  Probe, Robotics Facility  
  43  3:52  Probe  
  45  3:57  Probe  
  46  4:06  Probe, Twilight Council  
  46  4:08  Pylon  
  46  4:09  Probe  
  45  4:14  Pylon  
  45  4:18  Probe  
  46  4:26  Probe  
  46  4:27  Pylon  
  46  4:30  Probe  
  48  4:32  Warp Prism  
  48  4:38  Probe  
  49  4:39  Gateway  
  49  4:40  Gateway  
  49  4:42  Probe  
  52  4:49  Templar Archives  
  52  4:52  Pylon  
  52  4:53  Probe  
  52  4:57  Adept  
  54  5:24  Pylon  
  54  5:27  Probe x2  
  56  5:29  Observer  
  56  5:31  Pylon  
  56  5:37  High Templar x4  
  56  5:39  Probe  
  56  5:41  Forge  
  65  5:43  Archon x2  
  65  5:47  Probe  
  66  5:55  Probe, Immortal  
  66  5:59  Probe  
  71  6:08  Probe  
  71  6:10  Zealot x2  
  71  6:11  Probe, Nexus  
  77  6:13  Sentry x2  
  77  6:14  Pylon  
  81  6:20  Probe  
  81  6:22  Immortal  
  81  6:23  Probe  
  83  6:26  Pylon  
  83  6:32  Probe  
  84  6:35  Probe, Protoss Ground Weapons Level 1  
  89  6:45  Sentry x2, Zealot x2  
  97  6:48  Shield Battery  
  97  6:51  Pylon  
  97  6:58  Probe x2  
  95  7:08  Zealot x3, Immortal  
  95  7:09  Zealot  
  95  7:11  Phoenix  
  101  7:22  Probe  
  106  7:23  Probe  
  107  7:34  Gateway  
  107  7:35  High Templar  
  107  7:36  High Templar x2, Gateway  
  113  7:37  High Templar  
  113  7:40  Archon  
  113  7:41  Archon  
  113  7:42  Probe  
  113  7:44  Shield Battery  
  116  7:45  Probe x2  
  118  7:52  Shield Battery  
  118  7:55  Immortal  
  118  7:57  Shield Battery  
  122  8:05  Gateway  
  122  8:06  Gateway  
  122  8:13  Probe  
  122  8:15  Zealot x2, High Templar x2  
  122  8:19  Archon  
  131  8:22  Probe x2  
  131  8:23  Pylon  
  131  8:25  Assimilator  
  131  8:26  Protoss Ground Weapons Level 2  
  133  8:27  Assimilator  
  133  8:30  Pylon  
  133  8:31  Pylon  
  133  8:35  Pylon  
  133  8:42  Pylon  
  133  8:43  Photon Cannon, Zealot  
  135  8:58  Sentry x2, Zealot  
  135  8:59  Zealot x2  
  145  9:04  Observer  
  145  9:08  Zealot  
  145  9:09  Zealot, Immortal  
  149  9:21  Charge  
  149  9:28  Psionic Storm  
  149  9:31  Zealot x7  
  155  9:32  Zealot  
  155  9:36  Pylon  
  161  9:48  Pylon  
  141  10:03  Immortal  
  141  10:05  Zealot x4  
  141  10:06  Zealot x4  
  101  10:27  Zealot x2  
  103  10:30  High Templar x6  
  103  10:35  Archon x3  
  99  11:01  Zealot x2  
  99  11:03  Zealot  
  91  11:05  Zealot x4  
Tags
 
Add a new tag
Caveats
  • Supply blocks, unpowered buildings, or Contaminate may cause inaccurate times.
  • Supply counts are checked every 10 seconds.